 Dungeon Crawl Stone Soup version 0.20.2-3-g29329e0561 (webtiles) character file.

95 Alfie the Skirmisher (level 4, -7/40 HPs)
             Began as a Hill Orc Fighter on Aug 29, 2023.
             Mangled by an orc warrior
             ... wielding a +0 flail
              (13 damage)
             ... on level 3 of the Dungeon.
             The game lasted 00:04:57 (1386 turns).

Alfie the Skirmisher (Hill Orc Fighter)             Turns: 1386, Time: 00:04:57

Health: -7/40      AC:  9    Str: 19    XL:     4   Next: 66%
Magic:  4/4        EV:  5    Int:  8    God:
Gold:   96         SH:  9    Dex: 10    Spells: 3/3 levels left

rFire    + . .     SeeInvis .   a - +0 rapier
rCold    . . .     Gourm    .   c - +0 shield
rNeg     . . .     Faith    .   g - +0 chain mail {rF+}
rPois    .         Spirit   .   (no helmet)
rElec    .         Reflect  .   (no cloak)
rCorr    .         Harm     .   (no gloves)
MR       .....                  (no boots)
Stlth    ..........             (no amulet)
Regen    0.2/turn               (no ring)
MPRegen  0.1/turn               (no ring)

@: very slightly contaminated
A: no striking features
a: no special abilities


You were on level 3 of the Dungeon.
You were not hungry.

You visited 1 branch of the dungeon, and saw 3 of its levels.

You collected 96 gold pieces.

Inventory:

Hand Weapons
 a - a +0 rapier (weapon)
Armour
 c - a +0 shield (worn)
 g - a +0 chain mail of fire resistance (worn)
Jewellery
 h - a +2 ring of intelligence {unknown}
 j - an uncursed ring of protection from magic
Wands
 m - a wand of confusion (32/48)
Scrolls
 k - a scroll of teleportation {unknown}
 l - a scroll of magic mapping {unknown}
Potions
 b - 2 potions of haste {unknown}
 d - a potion of might
Comestibles
 f - 2 bread rations


   Skills:
 + Level 4.1 Fighting
 + Level 3.1 Short Blades
 + Level 4.0 Armour
 + Level 0.4 Dodging
 + Level 4.0 Shields


You had 3 spell levels left.
You didn't know any spells.

Dungeon Overview and Level Annotations

Branches:
Dungeon (3/15)

Altars:
Cheibriados


Message History

The orc wizard flickers and vanishes!
Deactivating autopickup; reactivate with Ctrl-A.
You hit the orc warrior but do no damage.
The orc wizard points at you and mumbles some strange words.
You resist with some effort. You block the orc warrior's attack.
You closely miss the orc warrior.
The orc wizard mumbles some strange words.
The orc wizard seems to speed up.
You block the orc warrior's attack.
You barely miss the orc warrior. You block the orc wizard's attack.
You closely miss the orc warrior.
The orc wizard points at you and mumbles some strange words.
The magic dart hits you! The orc warrior hits you with a flail!
* * * LOW HITPOINT WARNING * * *
You block the orc wizard's attack.
You hit the orc warrior but do no damage.
The orc wizard hits you but does no damage.
You block the orc warrior's attack. You block the orc wizard's attack.
You hit the orc warrior but do no damage.
You block the orc wizard's attack. The orc warrior hits you with a flail!
You die...

....# ..).# ....# ....#
##### # #
########################
.).............o@o.oK...
########################


You could see an orc warrior, an orc wizard, an orc and a kobold.

Vanquished Creatures
  2 adders (D:2)
  2 worms (D:2)
  5 leopard geckos
  6 orcs (D:3)
  2 giant cockroaches (D:3)
  8 goblins
  5 hobgoblins
  2 quokkas (D:2)
  10 bats
  2 frilled lizards (D:1)
  6 kobolds
  7 rats
57 creatures vanquished.

Notes
Turn   | Place    | Note
-------+----------+-------------------------------------------
     0 | D:1      | Alfie the Hill Orc Fighter began the quest for the Orb.
     0 | D:1      | Reached XP level 1. HP: 19/19 MP: 1/1
   339 | D:1      | Reached XP level 2. HP: 22/27 MP: 2/2
   601 | D:2      | Reached XP level 3. HP: 29/33 MP: 3/3
   800 | D:2      | Found a snail-covered altar of Cheibriados.
  1001 | D:2      | Reached XP level 4. HP: 28/40 MP: 4/4
  1375 | D:3      | Noticed an orc warrior
  1386 | D:3      | Mangled by an orc warrior

Skill      XL: |  1  2  3  4 |
---------------+-------------+-----
Fighting       | 4 |  4.1
Shields        | 4 |  4.0
Short Blades   | 3 |  3.1
Armour         | 4 |  4.0
Dodging        | |  0.4

Action                   |  1- 3 |  4- 6 || total
-------------------------+-------+-------++-------
Melee: Rapier            |   135 |    99 ||   234
  Use: Scroll            |       |     2 ||     2
       Potion            |       |     2 ||     2
  Eat: Bread ration      |     1 |       ||     1
Armor: Chain mail        |    86 |    53 ||   139
       Scale mail        |     1 |       ||     1
Dodge: Dodged            |    35 |     9 ||    44
Block: Shield            |    71 |    66 ||   137
